Map: Inside and Out

Players

Elazer - Winner!

  • Race: Zerg Zerg
  • Spawn Location: 7:00

RagnaroK (SHIN)

  • Race: Zerg Zerg
  • Spawn Location: 1:00

Event: DreamHack SC2 Masters 2022 Atlanta (Offline)

VOD

Have the link to the VOD?

Description

Time

  • Played on: Nov. 18, 2022, 6:21 p.m.
  • Length: 6:19

All games in this series

Show
View Real Time Build Order
Export as new Build Order

Elazer Zerg - Winner!

Build Orders: Hatch First 

Get SALT Encoding   

  12  0:00  Drone  
  13  0:12  Overlord  
  13  0:16  Drone  
  14  0:30  Drone x2  
  16  0:47  Hatchery  
  15  0:50  Drone  
  15  0:54  Drone  
  17  0:57  Drone  
  18  1:08  Extractor  
  17  1:12  Spawning Pool  
  17  1:15  Drone  
  17  1:18  Drone  
  18  1:27  Drone  
  19  1:38  Drone  
  20  1:48  Drone  
  21  1:59  Queen x2  
  21  2:00  Zergling x2  
  26  2:02  Overlord  
  26  2:08  Metabolic Boost  
  26  2:10  Drone x2  
  28  2:21  Zergling x2, Drone  
  30  2:31  Drone  
  30  2:35  Hatchery  
  30  2:39  Drone  
  31  2:44  Drone, Overlord  
  32  2:56  Drone  
  32  2:57  Drone  
  34  3:00  Baneling Nest  
  34  3:05  Drone x2  
  35  3:07  Overlord  
  35  3:08  Drone  
  35  3:10  Zergling x2  
  35  3:11  Zergling x2  
  38  3:16  Queen  
  38  3:19  Zergling x2  
  42  3:20  Zergling x2  
  42  3:25  Drone x2  
  44  3:31  Drone x2  
  46  3:37  Drone  
  46  3:39  Drone x4  
  46  3:41  Drone  
  51  3:46  Drone  
  54  3:48  Drone x2  
  54  3:54  Roach Warren  
  53  3:58  Baneling x2  
  53  3:59  Zergling x2  
  53  4:00  Zergling x6, Extractor  
  56  4:03  Zergling x2  
  56  4:08  Overlord  
  56  4:14  Overlord  
  56  4:15  Zergling x4  
  58  4:18  Baneling  
  58  4:21  Overlord  
  58  4:22  Overlord x2  
  56  4:39  Roach x8  
  56  4:44  Roach x2  
  76  4:46  Roach  
  76  4:48  Roach  
  76  4:50  Roach  
  82  4:59  Zergling x12  
  88  5:04  Zergling x4  
  88  5:09  Baneling  
  88  5:17  Zergling x2  
  88  5:18  Zergling x10  
  91  5:24  Zergling x12  
  94  5:30  Zergling x2  
  92  5:37  Zergling x4  
  92  5:45  Zergling x10  
  92  5:48  Ravager  
  92  5:49  Overlord  
  96  5:54  Zergling x10  
  96  5:55  Zergling x4  
  93  5:58  Zergling x4  
  93  6:00  Ravager x2  
Show
View Real Time Build Order
Export as new Build Order

RagnaroK Zerg 

Build Orders: Hatch First 

Get SALT Encoding   

  12  0:00  Drone  
  13  0:12  Overlord  
  13  0:17  Drone  
  14  0:31  Drone x2  
  16  0:47  Hatchery  
  15  0:51  Drone  
  15  0:54  Drone  
  17  0:58  Drone  
  18  1:08  Extractor  
  17  1:12  Spawning Pool  
  17  1:15  Drone  
  17  1:19  Drone  
  18  1:28  Drone  
  19  1:39  Drone  
  20  1:50  Drone  
  21  1:58  Queen  
  21  1:59  Queen  
  21  2:00  Zergling x2, Overlord  
  26  2:10  Drone  
  26  2:11  Drone  
  26  2:12  Metabolic Boost  
  28  2:21  Drone  
  28  2:22  Drone  
  30  2:32  Drone  
  30  2:35  Hatchery  
  30  2:40  Drone  
  31  2:44  Queen  
  31  2:51  Baneling Nest  
  32  2:52  Zergling x2  
  32  2:55  Drone  
  32  2:56  Drone  
  34  3:00  Zergling x2  
  34  3:03  Overlord  
  35  3:08  Overlord  
  35  3:17  Evolution Chamber  
  34  3:21  Drone  
  34  3:22  Drone  
  34  3:23  Drone x3  
  34  3:26  Drone  
  40  3:33  Zergling x4  
  42  3:39  Zergling x4  
  42  3:41  Baneling  
  44  3:43  Zergling x4  
  44  3:46  Zerg Ground Armor Level 1  
  44  3:47  Drone  
  47  3:51  Drone  
  47  3:54  Overlord  
  47  3:55  Drone  
  49  3:57  Drone  
  49  3:58  Drone  
  51  4:04  Roach Warren  
  51  4:07  Drone x2  
  52  4:11  Baneling  
  52  4:12  Zergling x2  
  52  4:13  Drone x2  
  52  4:15  Drone  
  56  4:20  Drone x3  
  56  4:22  Extractor  
  58  4:24  Extractor  
  58  4:26  Zergling x2  
  58  4:28  Zergling x2  
  58  4:29  Drone x2  
  61  4:32  Drone x2  
  61  4:35  Drone x2  
  61  4:37  Drone  
  64  4:40  Zergling x4  
  64  4:41  Baneling x2  
  64  4:43  Overlord  
  66  4:46  Overlord  
  65  4:53  Overlord  
  65  4:58  Overlord  
  64  5:02  Roach x4  
  64  5:04  Roach  
  64  5:05  Roach, Overlord  
  75  5:08  Roach  
  75  5:12  Roach  
  75  5:13  Roach  
  81  5:17  Roach  
  81  5:22  Roach  
  81  5:25  Roach  
  81  5:27  Roach  
  84  5:29  Zergling x2  
  84  5:30  Zergling x8  
  84  5:34  Roach  
  84  5:35  Roach  
  88  5:36  Queen  
  88  5:40  Roach  
  88  5:41  Zergling x2  
  86  5:43  Zergling x4  
  86  5:44  Zergling x2  
  86  5:47  Roach  
  80  5:51  Roach  
  80  5:53  Roach  
  80  5:56  Zergling x2  
  75  5:57  Zergling x2  
  75  5:59  Zergling x2  
  75  6:01  Zergling x2  
Tags
 
Add a new tag
Caveats
  • Supply blocks, unpowered buildings, or Contaminate may cause inaccurate times.
  • Supply counts are checked every 10 seconds.